[Event "Early-Titled-Tuesday-Blitz-April-02-2024"]
[Site "Chess.com"]
[Date "2024.04.02"]
[Round "9"]
[White "teresin05"]
[Black "Quattroporte300"]
[Result "1-0"]
[WhiteElo "2279"]
[BlackElo "2487"]
[TimeControl "180+1"]
[EndTime "9:45:53 PDT"]
[Termination "teresin05 won on time"]

1. e4 d6 2. d4 g6 3. Nc3 Bg7 4. f4 a6 5. Nf3 b5 6. Be3 Bb7 7. Bd3 Nd7 8. e5 b4 9. Be4 Qb8 10. Bxb7 Qxb7 11. Ne2 Nh6 12. Qd2 O-O 13. O-O-O c5 14.
dxc5 Nxc5 15. exd6 Ne4 16. Qd5 Qxd5 17. Rxd5 exd6 18.
Rhd1 Nf5 19. Bg1 Ne7 20. R5d3 Rfc8 21. Ng3 f5 22. Nd2 d5 23. Ndf1 Rc7 24. Ne3 Nxg3 25.
hxg3 d4 26. Nf1 Nc6 27. Nd2 Rac8 28. Nb3 a5 29. R1d2 Kf7 30. Nxd4 Ne7 31. Nb5 Rc6 32.
Nd6+ Rxd6 33. Rxd6 Nc6 34. Rd7+ Kg8 35. Bb6 a4 36.
Rc7 Rxc7 37. Bxc7 Bd4 38. Re2 Kf7 39. Be5 Bc5 40. c3 a3 41. cxb4 Nxb4 42. bxa3 Nd3+ 43. Kc2 Nf2 44. a4 Ne4 45. a5 Ke6 46. a6 Kd5 47. Kb3 Bb6 48. Bb8 Nc5+ 49. Kc3 Nxa6 50. Re5+ Kc6 51.
Re6+ Kb5 52. Be5 Ba5+ 53. Kb2 Nb4 54. Re7 Nd3+ 55. Kc2 Nb4+ 56. Kb3 Nd5 57. Rxh7 Be1 58. Rg7 Bxg3 59. Rxg6 Bf2 60. Rg5 Ne3 61. Bd4 1-0

[Event "Early-Titled-Tuesday-Blitz-April-02-2024"]
[Site "Chess.com"]
[Date "2024.04.02"]
[Round "9"]
[White "kereswasbest"]
[Black "Kushch_Nikolai"]
[Result "0-1"]
[WhiteElo "2258"]
[BlackElo "2420"]
[TimeControl "180+1"]
[EndTime "9:45:53 PDT"]
[Termination "Kushch_Nikolai won on time"]

1. e4 c5 2. Nf3 e6 3. d4 cxd4 4. Nxd4 a6 5. g3 d6 6. Bg2 Bd7 7. O-O Nc6 8. b3 Nf6 9. Bb2 Qc7 10. c4 Be7 11. Nc3 Rc8 12. Rc1 Ne5 13. h3 h5 14.
f4 Ng6 15. Kh1 Qb8 16. Qd2 b5 17. cxb5 axb5 18. f5 Ne5 19. Ndxb5 Bxb5 20. Nxb5 Rxc1 21. Rxc1 Qxb5 22. Rc8+ Bd8 23. Qxd6 Ned7 24. fxe6 Qb7 25. exd7+ Nxd7 26. Rb8 Qxb8 27. Qc6 Rh6 28. Qa4 Qxg3 29. e5 Rg6 30. Qe4 Kf8 31. Qa8 Qxg2+ 32. Qxg2 Rxg2 33. Kxg2 Bc7 34. e6 fxe6 35. Kf3 g5 36.
Ke4 Ke7 37. b4 Bd6 38. Bc3 Nb6 39.
Bd4 Na4 40. a3 g4 41. hxg4 hxg4 42. Ke3 g3 43. Kf3 Kd7 44. Kg2 Kc6 45. Kf3 Kd5 46. Ba7 Kc4 47. Be3 Kb3 48. b5 Kxa3 49. b6 Kb4 50. b7 Bb8 51. Bf4 e5 52. Bxg3 Kb5 53. Ke4 Nc5+ 54. Kd5 Nd7 55. Ke6 Kc6 56. Ke7 e4 0-1

[Event "Early-Titled-Tuesday-Blitz-April-02-2024"]
[Site "Chess.com"]
[Date "2024.04.02"]
[Round "9"]
[White "JoshuaGK27"]
[Black "smotherhubbard"]
[Result "1-0"]
[WhiteElo "2529"]
[BlackElo "2362"]
[TimeControl "180+1"]
[EndTime "9:45:55 PDT"]
[Termination "JoshuaGK27 won by resignation"]

1. e4 e6 2. d4 d5 3. e5 c5 4. c3 Nc6 5. Nf3 Bd7 6. Be2 f6 7. O-O fxe5 8. dxe5 Nge7 9. c4 d4 10. Re1 Ng6 11. Bf1 Qc7 12. a3 Be7 13. b4 b6 14.
Bd3 O-O 15. Bxg6 hxg6 16. Qd3 Rf5 17. Nbd2 Raf8 18. Bb2 g5 19. b5 g4 20. bxc6 Bxc6 21. Nxd4 cxd4 22. Bxd4 Qb7 23. Qf1 Rd8 24. Be3 Rxe5 25.
Bf4 Rf5 26. Be3 Bf6 27. Rad1 Bc3 28. Re2 Ba4 29. Rde1 Bc2 30. Rc1 Bxd2 31. Rxd2 Rxd2 32. Bxd2 Be4 33. Be3 Rf7 34. c5 b5 35. Bd4 Rd7 36.
Be3 Rd3 37. Qe2 Bf5 38. g3 Rxa3 39. c6 Qc7 40. Qxb5 Be4 41. Qb7 Qxb7 42. cxb7 Bxb7 43.
Rb1 Be4 44. Rc1 Ra2 45. Bc5 a5 46. Bd4 a4 47. Ra1 Rxa1+ 48. Bxa1 Kf7 49. Kf1 Ke7 50. Ke2 Kd6 51. Ke3 Kc5 52. Kxe4 Kc4 53. Ke5 Kb3 54. Kxe6 Ka2 55. Bxg7 1-0

[Event "Early-Titled-Tuesday-Blitz-April-02-2024"]
[Site "Chess.com"]
[Date "2024.04.02"]
[Round "9"]
[White "newauto"]
[Black "shirovin"]
[Result "0-1"]
[WhiteElo "2176"]
[BlackElo "2048"]
[TimeControl "180+1"]
[EndTime "9:45:57 PDT"]
[Termination "shirovin won on time"]

1. d4 Nf6 2. Nf3 d5 3. Bg5 c5 4.
Nbd2 h6 5. Bh4 Nc6 6. c3 e6 7. e3 Be7 8. Bd3 O-O 9. O-O b6 10. Ne5 Nxe5 11. dxe5 Nd7 12. Bg3 Bb7 13. Qh5 Qe8 14. Nf3 f5 15. Qxe8 Rfxe8 16. a4 Bc6 17. Bb5 Rec8 18. Ba6 Rd8 19. Rfe1 Nb8 20. Bb5 a6 21. Bf1 Nd7 22. Nd2 b5 23. axb5 axb5 24. f4 Rxa1 25. Rxa1 Rb8 26. Ra7 Rb7 27. Rxb7 Bxb7 28.
Bxb5 Nb6 29. Nb3 c4 30. Na5 Bc8 31. Nc6 Kf7 32. Nxe7 Kxe7 33. Bh4+ Kf7 34. Kf2 Na8 35. Ke2 Nc7 36. Ba4 Na6 37. Bd8 Nc5 38. Bc2 Ba6 39. Bb6 Ne4 40. Ba4 g5 41. g3 g4 42. Bd8 Bb7 43. Bd7 Ba8 44. Kf1 Bb7 45. Kg2 Ba8 46. h3 d4 47. Kf1 gxh3 48. exd4 Nxg3+ 49. Kg1 Ne2+ 50. Kh2 Nxf4 51. Kg3 h5 0-1

[Event "Early-Titled-Tuesday-Blitz-April-02-2024"]
[Site "Chess.com"]
[Date "2024.04.02"]
[Round "9"]
[White "stolencandy13"]
[Black "ilqar_74"]
[Result "1/2-1/2"]
[WhiteElo "2678"]
[BlackElo "2806"]
[TimeControl "180+1"]
[EndTime "9:46:01 PDT"]
[Termination "Game drawn by repetition"]

1. d4 Nf6 2. Bf4 g6 3. Nc3 Bg7 4. e4 d6 5. Nf3 O-O 6. Qd2 Nbd7 7. O-O-O c6 8. e5 Nd5 9. Nxd5 cxd5 10. exd6 e6 11. Bh6 Nf6 12. Bxg7 Kxg7 13. Bd3 Qxd6 14. h4 h5 15. Ne5 Nd7 16. f4 Rh8 17. g4 Nxe5 18. fxe5 Qe7 19. g5 Bd7 20. Rdf1 Rac8 21. Rh2 b6 22. Rhf2 Be8 23. Qe2 a5 24. Bb5 Rf8 25. a3 Qc7 26. c3 Bxb5 27. Qxb5 Qc6 28. Qxc6 Rxc6 29. Kd2 Rc7 30. Kd3 b5 31. Ra1 Rb8 32. b4 Ra7 33. Rb2 axb4 34. Rxb4 Rba8 35. Rb3 Ra4 36. Kc2 Rc8 37. Kb2 Ra5 38. Kc2 Rca8 39. Kb2 Rc8 40. Kc2 Kf8 41. Kb2 Ke7 42. Rf1 Rca8 43.
Rf3 Ke8 44. Rf1 R8a7 45. Rb1 Kd7 46. Rf1 Kc6 47. Rb1 Ra4 48. Rc1 Rc4 49. Rb1 Rca4 50.
Rf1 Re7 51. Rb1 Ra5 52. Ka2 Rea7 53. Kb2 Kb6 54. Rc1 Kc6 55. Rd1 Re7 56. Rf1 Rea7 57.
Rb1 1/2-1/2

[Event "Early-Titled-Tuesday-Blitz-April-02-2024"]
[Site "Chess.com"]
[Date "2024.04.02"]
[Round "9"]
[White "sergoy"]
[Black "Matibar"]
[Result "0-1"]
[WhiteElo "2885"]
[BlackElo "2760"]
[TimeControl "180+1"]
[EndTime "9:46:02 PDT"]
[Termination "Matibar won by resignation"]

1. d4 Nf6 2. c4 e6 3. Nf3 a6 4. Nc3 Bb4 5. g3 b5 6. c5 Bb7 7. Bg2 d6 8. cxd6 cxd6 9. O-O Nbd7 10. Bg5 h6 11. Bf4 Nb6 12. Rc1 Bxc3 13. Rxc3 O-O 14. Rc1 Be4 15. b3 Nbd5 16. Qd2 Qb6 17. Bxh6 gxh6 18.
Qxh6 Bxf3 19. Qg5+ Kh8 20. Qh6+ Nh7 21. Bxf3 Qxd4 22. Rfd1 Qe5 23. Rc6 Rfc8 24. Rdc1 Rxc6 25. Rxc6 Rg8 26. Kh1 a5 27. Ra6 Qf6 28. Qxf6+ Nhxf6 29. Rxd6 Rb8 30. Ra6 a4 31. bxa4 bxa4 32. Rxa4 Kg7 33. Kg2 Rb2 34. a3 Nc3 35. Rb4 Ra2 36. e3 Rxa3 37.
h4 Ra2 38. Rd4 Ncd5 39. Rd3 Ne7 40. g4 Ng6 41. Kg3 Ne5 42. Rc3 Nxf3 43. Kxf3 Ra4 44. g5 Nh5 45. e4 Kg6 46. Ke3 f6 47. gxf6 Kxf6 48. f4 Ra1 49. Rc6 Ra3+ 50. Kd4 Nxf4 51.
Rc8 Ne2+ 52. Kc5 Rc3+ 0-1

[Event "Early-Titled-Tuesday-Blitz-April-02-2024"]
[Site "Chess.com"]
[Date "2024.04.02"]
[Round "9"]
[White "dropstoneDP"]
[Black "Vahe_Danielyan"]
[Result "1/2-1/2"]
[WhiteElo "2983"]
[BlackElo "2649"]
[TimeControl "180+1"]
[EndTime "9:46:02 PDT"]
[Termination "Game drawn by repetition"]

1. e4 c5 2. Nf3 d6 3. d4 cxd4 4. Nxd4 Nf6 5. Nc3 a6 6. Bd3 g6 7. f3 Bg7 8. Be3 Nc6 9. Qd2 Bd7 10. O-O-O b5 11. Nxc6 Bxc6 12. Bh6 Bxh6 13. Qxh6 Qb6 14. Rhe1 O-O-O 15. Kb1 Kb8 16. Qf4 Qc7 17. Qe3 e6 18.
Bf1 d5 19. e5 Nd7 20. f4 Nb6 21. Ne2 Nc4 22. Qc5 Bb7 23. Qxc7+ Kxc7 24. Nd4 h6 25. b3 Nb6 26. Kb2 Nd7 27. Re3 Nc5 28. h4 Kb6 29. Be2 h5 30. a3 Rc8 31. Nf3 Rc7 32. Ng5 Rhc8 33. Kb1 a5 34. Rd4 Ba6 35. Bd1 Nb7 36. b4 axb4 37. axb4 Nd8 38.
Kb2 Nc6 39. Rd2 Nxb4 40. c3 Nc6 41. Be2 Na5 42. Rd4 Nc4+ 43. Bxc4 bxc4 44. Re1 Kc5 45. Ra1 Bb5 46. Rdd1 Rb7 47. Kc2 Rcb8 48. Kd2 d4 49. Ne4+ Kd5 50. Nf6+ Kc5 51. Ne4+ Kd5 52. Nf6+ Kc5 53.
Ne4+ 1/2-1/2

[Event "Early-Titled-Tuesday-Blitz-April-02-2024"]
[Site "Chess.com"]
[Date "2024.04.02"]
[Round "9"]
[White "vladgoncharov"]
[Black "Korchmar_Vasiliy"]
[Result "0-1"]
[WhiteElo "2580"]
[BlackElo "2734"]
[TimeControl "180+1"]
[EndTime "9:46:02 PDT"]
[Termination "Korchmar_Vasiliy won on time"]

1. d4 d5 2. c4 c6 3. Nf3 Nf6 4. e3 e6 5. Bd3 Ne4 6. O-O Bd6 7. Qc2 f5 8. b3 Qe7 9. Bb2 Nd7 10. Ne5 Nxe5 11. dxe5 Bc5 12. Bd4 O-O 13. cxd5 cxd5 14. f3 Bxd4 15. exd4 Ng5 16. Nc3 Bd7 17. Ne2 Rfc8 18.
Qd2 Nf7 19. Rfc1 Nd8 20. b4 Nc6 21. a3 a5 22. b5 Na7 23. Qxa5 Rxc1+ 24. Rxc1 Qe8 25.
Qb6 Bxb5 26. Bxb5 Nxb5 27. Qxb7 Rb8 28. Qc6 Nxa3 29. Qxe8+ Rxe8 30. Rc5 g5 31. h4 h6 32. Kh2 Kf7 33. hxg5 hxg5 34. Kg3 Re7 35. Nc3 Nc4 36. f4 g4 37. Rc8 Nd2 38. Kf2 Ra7 39. Ke3 Ra3 40.
Kxd2 Rb3 41. Kc2 Rb7 42. Rc6 Rb4 43. Kd3 Rb2 44. g3 Rg2 45. Ne2 Rf2 46. Ke3 Rf3+ 47.
Kd2 Rf2 48. Rc3 Rf1 49. Rc1 Rf3 50. Rc7+ Ke8 51. Rg7 Kf8 0-1

[Event "Early-Titled-Tuesday-Blitz-April-02-2024"]
[Site "Chess.com"]
[Date "2024.04.02"]
[Round "9"]
[White "AlphaGoosee"]
[Black "jk13"]
[Result "1-0"]
[WhiteElo "2559"]
[BlackElo "2700"]
[TimeControl "180+1"]
[EndTime "9:46:04 PDT"]
[Termination "AlphaGoosee won by resignation"]

1. e4 e5 2. Nf3 Nc6 3. Bc4 Bc5 4. O-O Nf6 5. d3 O-O 6. Nbd2 d5 7. exd5 Nxd5 8. Re1 Bg4 9. h3 Bh5 10. Ne4 Bb6 11. Ng3 Bg6 12. a4 Re8 13. c3 a6 14.
Bg5 Qd7 15. Nh4 Nd8 16. a5 Ba7 17. Qf3 c6 18. Nxg6 hxg6 19. Bd2 Rc8 20. h4 Nf6 21. h5 Nxh5 22. Nxh5 gxh5 23. Qxh5 Qd6 24. Re3 Bxe3 25. Bxe3 Ne6 26. g3 Rcd8 27. Kg2 g6 28. Qh6 Qf8 29.
Qh4 Qe7 30. Qh6 Qf6 31. Rh1 Qg7 32. Qh4 Rd6 33. Bh6 Qh8 34. Qg4 Qf6 35. Be3 Ng7 36. Bg5 Qf5 37. Qh4 Nh5 38. g4 Qd7 39. gxh5 Kg7 40. hxg6 Rxg6 41. Qh7+ Kf8 42. Qh8+ Rg8 43.
Qh6+ Rg7 44. Kf1 Qf5 45. Bf6 Qg6 46. Qxg6 fxg6 47. Bxg7+ Kxg7 48. Rg1 Kf6 49. Ke2 Rh8 50. Rg2 Rh4 51. b4 e4 52. dxe4 Rxe4+ 53. Kd3 Rf4 54. Bb3 g5 55. Kc2 Rf3 56. Bc4 Rf4 57. Bd3 g4 58. Kd2 Kg5 59. Ke3 Kh4 60. Be2 Rc4 61.
Bxc4 Kh3 62. Rg3+ Kh2 63. Be6 1-0

[Event "Early-Titled-Tuesday-Blitz-April-02-2024"]
[Site "Chess.com"]
[Date "2024.04.02"]
[Round "9"]
[White "Shield12"]
[Black "Bauman_Guy"]
[Result "1-0"]
[WhiteElo "3032"]
[BlackElo "2906"]
[TimeControl "180+1"]
[EndTime "9:46:07 PDT"]
[Termination "Shield12 won by resignation"]

1. e4 c6 2. Nf3 d5 3. Nc3 Bg4 4. h3 Bxf3 5. Qxf3 e6 6. d4 g6 7.
Bd3 Bg7 8. Ne2 Ne7 9. c3 Nd7 10. O-O O-O 11. Ng3 c5 12. exd5 Nxd5 13. dxc5 Nxc5 14. Bc2 Rc8 15. Re1 Qb6 16. Re2 Rfd8 17. Rb1 h6 18. h4 Qa6 19. a3 Qc6 20. Ne4 Nxe4 21. Bxe4 Qc4 22. g3 b5 23. Bd2 Nf6 24. Bc2 Qg4 25. Qxg4 Nxg4 26. Kg2 Ne5 27. Bxh6 Bxh6 28.
Rxe5 Rd2 29. Bb3 Bf8 30. Rxe6 fxe6 31. Bxe6+ Kg7 32. Bxc8 Bc5 33. Kf3 Rxf2+ 34. Ke4 a5 35. b4 axb4 36. axb4 Bd6 37. g4 Be7 38. h5 Bf6 39. Rb3 gxh5 40. gxh5 Kh6 41. Bd7 Re2+ 42. Kd3 Re5 43. Bg4 Rg5 44. Be2 Kg7 45. Ra3 Kf8 46.
Kd2 Rg2 47. Ra8+ Ke7 48. Rc8 Kd6 49. Rc5 Rh2 50. Rxb5 Bxc3+ 51. Kxc3 Rxe2 52. Rg5 Re4 53. Kb3 Rh4 54. Ka4 Kc6 55. Ka5 Rh1 56. Rg6+ Kb7 57. h6 Ra1+ 58. Kb5 Rh1 59. Rg7+ 1-0

[Event "Early-Titled-Tuesday-Blitz-April-02-2024"]
[Site "Chess.com"]
[Date "2024.04.02"]
[Round "9"]
[White "temus_galaktionov"]
[Black "PavelShkapenko"]
[Result "1-0"]
[WhiteElo "2856"]
[BlackElo "2711"]
[TimeControl "180+1"]
[EndTime "9:46:10 PDT"]
[Termination "temus_galaktionov won on time"]

1. d4 d5 2. c4 dxc4 3. e3 e5 4. Nf3 exd4 5. Qxd4 Qxd4 6. Nxd4 a6 7. Bxc4 Nf6 8. Nd2 c5 9. N4f3 b5 10. Be2 Bb7 11.
a4 c4 12. axb5 axb5 13. Rxa8 Bxa8 14. b3 cxb3 15. Bxb5+ Bc6 16. Bxc6+ Nxc6 17. Nxb3 Bb4+ 18. Ke2 Ke7 19. Rd1 Ra8 20. Nbd4 Nxd4+ 21. Nxd4 Ke8 22. Kf3 Rc8 23. Bb2 Nd7 24. g4 g6 25. h3 Ne5+ 26.
Ke4 Nc4 27. Ba1 Nd6+ 28. Kf4 Ke7 29. Nf3 Nc4 30. g5 Ke6 31. Bf6 Bd6+ 32. Ke4 Bc5 33. Ra1 Nd6+ 34. Kf4 Nb5 35. Ra6+ Kd5 36. e4+ Kc4 37.
Ne5+ Kb3 38. Nxf7 Bxf2 39. e5 Nd4 40. e6 Nf5 41. Kf3 Bc5 42. Ke4 Kc4 43. Nd8 Ne7 44. Nb7 Bb4 45. Ra4 Nf5 46. Ra1 Re8 47. Rc1+ Kb5 48. Kd5 Ne7+ 49. Ke5 Nc6+ 50. Kd5 Ne7+ 51. Bxe7 Rxe7 52. Nd6+ Ka4 53. Rc8 Kb3 54. Rc6 Ra7 55.
Nc8 Ra5+ 56. Ke4 Rxg5 57. Nd6 1-0

[Event "Early-Titled-Tuesday-Blitz-April-02-2024"]
[Site "Chess.com"]
[Date "2024.04.02"]
[Round "9"]
[White "vovachesss"]
[Black "slidingknight2775"]
[Result "1-0"]
[WhiteElo "2818"]
[BlackElo "2608"]
[TimeControl "180+1"]
[EndTime "9:46:11 PDT"]
[Termination "vovachesss won by checkmate"]

1. e4 c5 2. Nf3 d6 3. d4 cxd4 4. Nxd4 Nf6 5. Nc3 a6 6. Rg1 e5 7.
Nb3 h5 8. h3 h4 9. Be3 Be6 10.
Qd2 Nbd7 11. O-O-O b5 12. Kb1 Be7 13. f4 Nb6 14. fxe5 dxe5 15. Qxd8+ Bxd8 16. Rxd8+ Rxd8 17. Bxb6 Rc8 18. Be3 Bc4 19. Bxc4 Rxc4 20. Nd2 Rc8 21. a3 Nd7 22. Nd5 f6 23. c4 bxc4 24. Rc1 Kf7 25. Nxc4 Ke6 26. b3 Nc5 27. Bxc5 Rxc5 28. Rd1 Rb8 29.
Kc2 a5 30. Kc3 Rbc8 31. Ne3 g6 32. Rd6+ Ke7 33. Nd5+ Kf7 34. Rd7+ Kf8 35. Rd6 f5 36. Rxg6 fxe4 37. Rg4 Rxd5 38. Rxe4 Rd1 39. Rxh4 a4 40. Rh8+ Kg7 41. Rxc8 axb3 42. Kxb3 Rb1+ 43. Nb2 Rg1 44. Rc2 e4 45. Nc4 Rb1+ 46. Rb2 Rc1 47. a4 Kf6 48. a5 Ra1 49. Ra2 Rb1+ 50. Kc2 Rb7 51. a6 Ra7 52. Nd6 Ke5 53. Nb5 Ra8 54. a7 Rc8+ 55. Kd2 Ra8 56. Nc7 Rxa7 57. Rxa7 Kf4 58. Ra4 Kg3 59. Rxe4 Kf2 60. Rg4 Kf1 61. h4 Kf2 62. h5 Kf1 63. h6 Kf2 64. h7 Kf1 65. h8=Q Kg1 66. Re4 Kf2 67. Qf6+ Kg1 68. g4 Kh2 69.
Re2+ Kg3 70. Qf2+ Kh3 71. Qg2+ Kh4 72. g5 Kh5 73. g6 Kh6 74. g7 Kh5 75. g8=Q Kh6 76. Ne6 Kh5 77. Nf4+ Kh6 78. Q2g6# 1-0

[Event "Early-Titled-Tuesday-Blitz-April-02-2024"]
[Site "Chess.com"]
[Date "2024.04.02"]
[Round "9"]
[White "Vasily_IM"]
[Black "emeli_chess"]
[Result "0-1"]
[WhiteElo "2531"]
[BlackElo "2431"]
[TimeControl "180+1"]
[EndTime "9:46:11 PDT"]
[Termination "emeli_chess won by resignation"]

1. d4 Nf6 2. c4 e6 3. Nc3 Bb4 4.
Qc2 c5 5. dxc5 O-O 6. Bf4 Bxc5 7. Nf3 Be7 8. e3 d6 9. Be2 Nh5 10. Bg3 Nd7 11. Rd1 Nxg3 12. hxg3 Nf6 13. Ne4 Nxe4 14. Qxe4 f5 15. Qc2 Bd7 16. g4 g6 17. gxf5 exf5 18.
Nd4 d5 19. cxd5 Bd6 20. Ne6 Qa5+ 21. Kf1 Rfe8 22. a3 Rac8 23. Qd2 Qxd2 24. Rxd2 Bxe6 25. dxe6 Rxe6 26. Bf3 Rc1+ 27. Rd1 Rxd1+ 28. Bxd1 Kg7 29. Ke2 Be5 30. b4 Rd6 31. Bb3 Bb2 32. a4 Bc3 33. b5 Rd2+ 34. Kf3 g5 35. g3 g4+ 36. Kg2 Rb2 37.
Bd5 b6 38. Rc1 Bd2 39. Rc7+ Kg6 40. Kf1 Rb1+ 41. Ke2 Ba5 42. Rxa7 Re1+ 43. Kd3 Rf1 44. Rxa5 bxa5 45. b6 Rb1 46. b7 Kf6 47. Kd4 Ke7 48.
Kc5 Kd7 49. e4 fxe4 50. Bxe4 Rb4 51. Bc6+ Kc7 52. Bb5 Kxb7 53. Be2 h5 54. Kd5 Rxa4 55. Ke5 Ra2 0-1

[Event "Early-Titled-Tuesday-Blitz-April-02-2024"]
[Site "Chess.com"]
[Date "2024.04.02"]
[Round "9"]
[White "MikeSailer"]
[Black "Felix-Rose"]
[Result "1-0"]
[WhiteElo "2185"]
[BlackElo "2323"]
[TimeControl "180+1"]
[EndTime "9:46:13 PDT"]
[Termination "MikeSailer won by checkmate"]

1. d4 d5 2. Nf3 Nf6 3. Bf4 e6 4. e3 Bd6 5. Nbd2 O-O 6. Bd3 b6 7.
O-O c5 8. c3 Ba6 9. Bxa6 Nxa6 10.
Ne5 b5 11. a3 Qc7 12. Bg3 Nb8 13. f4 Nc6 14. Bh4 Ne7 15. Bxf6 gxf6 16. Ng4 Kg7 17. Qf3 f5 18. Ne5 a5 19. Qh5 Ng6 20. Rf3 cxd4 21. exd4 f6 22. Rh3 Rh8 23. Qh6+ Kg8 24. Nxg6 Qg7 25.
Qxg7+ Kxg7 26. Nxh8 Bxf4 27. Nb3 Kxh8 28. Nc5 e5 29.
Rd1 b4 30. cxb4 axb4 31. a4 b3 32. Rdd3 exd4 33. Rxd4 Be5 34. Rxd5 Bxb2 35. Rxb3 Be5 36. Nd7 Ba1 37. g3 Rxa4 38. Rb7 Bd4+ 39. Kg2 Ra2+ 40.
Kh3 Bg1 41. g4 Rxh2+ 42. Kg3 f4+ 43. Kxf4 Kg7 44. Nc5+ Kg6 45. Ne4 Rb2 46. Rdd7 Bh2+ 47. Kf3 f5 48. Rxb2 fxe4+ 49. Kxe4 Kg5 50. Kf3 Be5 51. Rb5 Kh4 52. Rxe5 h6 53. Rh5# 1-0

[Event "Early-Titled-Tuesday-Blitz-April-02-2024"]
[Site "Chess.com"]
[Date "2024.04.02"]
[Round "9"]
[White "David_George21"]
[Black "Rawnsdale"]
[Result "1/2-1/2"]
[WhiteElo "2348"]
[BlackElo "2520"]
[TimeControl "180+1"]
[EndTime "9:46:13 PDT"]
[Termination "Game drawn by repetition"]

1. e4 c6 2. Nc3 d5 3. Nf3 Bg4 4. h3 Bxf3 5. Qxf3 d4 6. Ne2 e5 7. d3 Nd7 8. g4 Ne7 9. h4 c5 10. Qg3 Nc6 11. a3 Bd6 12. Bg2 Qe7 13. Bd2 h5 14. g5 Nf8 15. Bh3 Ne6 16. Qf3 O-O-O 17. g6 f6 18. Ng3 Kc7 19. Nxh5 Nf4 20.
Ng3 Nxg6 21. Nf5 Qf8 22. h5 Nge7 23. O-O-O Nxf5 24. Bxf5 c4 25. dxc4 Bc5 26. b4 Be7 27. Rhg1 d3 28. cxd3 Nd4 29. Qe3 a5 30. bxa5 Bxa3+ 31. Kb1 Qc5 32. Bc3 Bb4 33. Bxd4 Rxd4 34. Qe2 Qxa5 35. Qb2 Kb8 36. Rxg7 Rhd8 37. h6 Rxd3 38. Rxd3 Rxd3 39. h7 Rd1+ 40. Kc2 Rd2+ 41. Kc1 Rxb2 42. h8=Q+ Ka7 43. Rxb7+ Kxb7 44. Qc8+ Ka7 45. Qd7+ Ka6 46.
Qc6+ Qb6 47. Qxb6+ Kxb6 48. Kxb2 Kc5 49. Kb3 Be1 50. f3 Bd2 51. Be6 Bf4 52. Bg4 Be3 53. Bh5 Bd4 54. Bg4 Be3 55. Bh5 Bg5 56. Bg4 Bh6 57.
Bh5 Bf8 58. Bg4 Bd6 59. Bf5 Kd4 60. Bg4 Bc5 61. Bh5 Ke3 62. Bg4 Kf4 63. Bh5 f5 64. exf5 Kxf5 65. Ka4 Ke6 66. Kb5 Kd6 67. Bg4 Be3 68. Bf5 Bd4 69. Be4 Bc5 70. Bd5 Bd4 71.
Be4 Bc5 72. Bd5 Bf2 73. Be4 Bc5 1/2-1/2

[Event "Early-Titled-Tuesday-Blitz-April-02-2024"]
[Site "Chess.com"]
[Date "2024.04.02"]
[Round "9"]
[White "mightysmasher"]
[Black "GMKrikor"]
[Result "0-1"]
[WhiteElo "2581"]
[BlackElo "2886"]
[TimeControl "180+1"]
[EndTime "9:46:15 PDT"]
[Termination "GMKrikor won by checkmate"]

1. e4 c5 2. c3 Nf6 3. e5 Nd5 4. d4 cxd4 5. cxd4 d6 6. Nf3 Nc6 7. Bc4 dxe5 8. dxe5 Ndb4 9. Qxd8+ Nxd8 10. Na3 a6 11.
O-O Ndc6 12. Bd2 Bd7 13. Rfe1 e6 14. Bxb4 Bxb4 15. Red1 Ke7 16. Nc2 Bc5 17. Rac1 Rac8 18. a3 Rhd8 19. Nce1 Ba7 20. Nd3 Be8 21. Nf4 Rxd1+ 22.
Rxd1 Bb8 23. Nd3 Rd8 24. Bb3 Nd4 25. Nxd4 Rxd4 26. Nc5 Rxd1+ 27. Bxd1 Bxe5 28. Nxb7 Bxb2 29. a4 Bc3 30. Nc5 a5 31. Kf1 Bb4 32. Ne4 f5 33. Ng5 h6 34. Nf3 Kf6 35. Ke2 e5 36. Bb3 Bc6 37.
g3 g5 38. Ng1 e4 39. Ke3 Bc5+ 40. Ke2 Ke5 41. Nh3 Bd7 42. f4+ exf3+ 43. Kf1 Bc6 44.
Nf2 Bxf2 45. Kxf2 Kd4 46. Bc2 Be4 47. Bb3 Bc6 48. Bc2 Be4 49. Bb3 Kc3 50. Be6 g4 51. Bc8 Kb4 52. Bd7 Bc2 53. Ke3 Bxa4 54. Bxf5 Bc6 55. Bxg4 a4 56. Be6 a3 57. h4 Ba4 58.
Ba2 Bb3 59. Bb1 Kc3 60. g4 Kb2 61. g5 hxg5 62. h5 Kxb1 63. h6 Bc2 64. Kxf3 Bh7 65.
Kg4 a2 66. Kxg5 a1=Q 67. Kh5 Qf6 68. Kg4 Kc2 69. Kh5 Qg6+ 70. Kh4 Kd3 71. Kh3 Ke3 72. Kh4 Kf3 73. Kh3 Qxh6# 0-1

[Event "Early-Titled-Tuesday-Blitz-April-02-2024"]
[Site "Chess.com"]
[Date "2024.04.02"]
[Round "9"]
[White "FredddieCroderg"]
[Black "Payyappat"]
[Result "1-0"]
[WhiteElo "2373"]
[BlackElo "2510"]
[TimeControl "180+1"]
[EndTime "9:46:17 PDT"]
[Termination "FredddieCroderg won by checkmate"]

1. d4 Nf6 2. c4 c5 3. d5 e6 4. Nc3 exd5 5. cxd5 d6 6. e4 g6 7. f3 Bg7 8. Bg5 O-O 9. Qd2 Re8 10. Be2 a6 11. a4 Nbd7 12. Nh3 Qa5 13. Ra3 Ne5 14. Nf2 c4 15. O-O Qc5 16. a5 Bd7 17. Be3 Qc7 18.
Bb6 Qc8 19. Bd4 Bb5 20. h3 Nh5 21. f4 Nd3 22. Bxg7 Nxf2 23. Bd4 Nxe4 24. Nxe4 Rxe4 25. Bxh5 gxh5 26. f5 Rxd4 27. Qxd4 Qc5 28. Qxc5 dxc5 29. Rd1 Kf8 30. f6 Rd8 31. d6 Bd7 32. Rg3 Be6 33. Rg5 Ke8 34. Rxc5 Rc8 35. Rxc8+ Bxc8 36. Kf2 Be6 37.
Ke3 Kd7 38. Kf4 h6 39. Ke5 Kc6 40. Rd4 Kd7 41. Rh4 Kc6 42. Rxh5 Kb5 43. Rxh6 Kxa5 44.
g4 Kb4 45. g5 Kb3 46. g6 Kxb2 47. g7 c3 48. g8=Q c2 49. Qg2 b5 50. Rh7 Kb1 51. Qxc2+ Kxc2 52. Rxf7 Bxf7 53. d7 b4 54.
d8=Q b3 55. Qc7+ Kd2 56. Qxf7 b2 57. Qa2 Kc1 58. f7 b1=Q 59. Qxb1+ Kxb1 60. f8=Q a5 61. Qc5 a4 62. Qb4+ Kc2 63. Qxa4+ Kb2 64. Qc4 Ka1 65.
Kd4 Kb2 66. Kd3 Ka1 67. Qb4 Ka2 68. Kc2 Ka1 69. Qa4# 1-0

[Event "Early-Titled-Tuesday-Blitz-April-02-2024"]
[Site "Chess.com"]
[Date "2024.04.02"]
[Round "9"]
[White "djokovic74"]
[Black "Iball95"]
[Result "1-0"]
[WhiteElo "2772"]
[BlackElo "2919"]
[TimeControl "180+1"]
[EndTime "9:46:18 PDT"]
[Termination "djokovic74 won by checkmate"]

1. e4 c5 2. Nf3 e6 3. d4 cxd4 4. Nxd4 Nf6 5. Nc3 Nc6 6. Ndb5 Bc5 7. Nd6+ Ke7 8. Bf4 e5 9. Nf5+ Kf8 10. Bg5 Bb4 11.
Ne3 h6 12. Bxf6 Bxc3+ 13. bxc3 Qxf6 14. Bc4 d6 15. O-O g6 16. Nd5 Qd8 17. f4 Be6 18. f5 gxf5 19. exf5 Bxd5 20. Qxd5 Qf6 21. Rab1 Rb8 22.
Rfd1 Ke7 23. Ba6 bxa6 24. Qxc6 Rxb1 25. Qc7+ Kf8 26. Rxb1 Qxf5 27. Qxd6+ Kg7 28. Rf1 Qg5 29. Qxa6 Qe3+ 30. Kh1 Qb6 31. Qc4 Rf8 32. Qg4+ Kh8 33. Qf5 Qd6 34. h3 Kg7 35. Rf3 Kh8 36. Qe4 Qe6 37.
Qf5 Qd6 38. c4 a5 39. c5 Qc6 40. Qxe5+ f6 41. Qd6 Qe8 42. Rxf6 Rxf6 43. Qxf6+ Kh7 44.
Qd6 Qe1+ 45. Kh2 Qd2 46. Qxd2 Kg6 47. Qd6+ Kf5 48. c6 h5 49. c7 h4 50. c8=Q+ Ke4 51. Qc4+ Ke3 52. Qdd3+ Kf2 53. Qe2# 1-0

[Event "Early-Titled-Tuesday-Blitz-April-02-2024"]
[Site "Chess.com"]
[Date "2024.04.02"]
[Round "9"]
[White "Elegance_Riks"]
[Black "kachsona"]
[Result "0-1"]
[WhiteElo "2768"]
[BlackElo "2623"]
[TimeControl "180+1"]
[EndTime "9:46:18 PDT"]
[Termination "kachsona won by resignation"]

1. Nf3 d5 2. c4 d4 3. g3 Nc6 4. Bg2 e5 5. O-O e4 6. Ne1 h5 7. d3 e3 8. Nf3 Nf6 9. fxe3 dxe3 10. d4 Qe7 11. Nc3 Bg4 12. Nd5 Nxd5 13. cxd5 Nb4 14. Qa4+ Bd7 15. Qb3 Qd6 16. Ne5 f6 17. Nc4 Qa6 18.
a3 O-O-O 19. Bxe3 Ba4 20. Qc3 Nxd5 21. Qd3 Nxe3 22. Nxe3 Qxd3 23. exd3 Rxd4 24. Rac1 Rxd3 25. Nd5 Bc6 26. Bh3+ Kb8 27. Nb4 Bxb4 28. axb4 Re8 29. Rc5 Rd5 30. Rfc1 a6 31. R5c2 Rd6 32. Rc5 g6 33.
Bf1 Ree6 34. b5 axb5 35. Bxb5 Bxb5 36. Rxb5 Re2 37. Rf1 f5 38. Rf2 Rdd2 39. Rxe2 Rxe2 40. b4 Re4 41. Rd5 Rxb4 42. Rd7 Kc8 43. Rg7 Rb6 44.
Rg8+ Kd7 45. Rg7+ Kd6 46. Rxg6+ Ke5 47. Rg5 c5 48. Rxh5 c4 49. g4 c3 50. Rxf5+ Kd4 51. Rf4+ Ke3 52. Rc4 Rc6 53. Ra4 c2 54. Ra3+ Kf4 55.
Ra4+ Kg5 56. Ra5+ Kxg4 57. Ra2 Kf4 58. Ra4+ Kf5 59. Ra5+ Kf6 60. Ra1 c1=Q+ 61. Rxc1 Rxc1+ 62. Kf2 b5 63. Ke3 Rh1 64. Kd2 Rxh2+ 65. Kc3 Rh4 66.
Kb3 Ke6 67. Kc3 Kd5 68. Kd3 Kc5 69. Ke3 b4 70. Kf3 Rd4 71. Kg3 Rd8 0-1